 Dungeon Crawl Stone Soup version 0.30-a0-760-g5a9884bb7c (webtiles) character file.

Game seed: 4191824607526357887

760 cforsyth the Gusty (level 7, 0/36 HPs)
             Began as a Tengu Air Elementalist on Feb 10, 2023.
             Killed by their own static electricity (3 damage)
             ... on level 5 of the Dungeon.
             The game lasted 00:10:20 (4815 turns).

cforsyth the Gusty (Tengu Air Elementalist)         Turns: 4815, Time: 00:10:21

Health: 0/36       AC:  2    Str:  8    XL:     7   Next: 80%
Magic:  9/15       EV: 19    Int: 17    God:
Gold:   243        SH:  0    Dex: 15    Spells: 5/15 levels left

rFire   . . .      SeeInvis .    (no weapon)
rCold   . . .      Faith    .    (no shield)
rNeg    . . .      Spirit   .    a - +0 robe
rPois   .          Reflect  .    (helmet restricted)
rElec   .          Harm     .    (no cloak)
rCorr   .          Rampage  .    (no gloves)
Will    .....                    (boots unavailable)
Stlth   ++                       g - amulet of magic regeneration
HPRegen 0.26/turn                r - +5 ring of evasion
MPRegen 0.54/turn                (no ring)

@: flying quickly and evasively, slowed, very slow
A: beak, talons 3, nimble flight
a: no special abilities


You were on level 5 of the Dungeon.
You visited 1 branch of the dungeon, and saw 5 of its levels.
You also visited: Sewer.

You collected 243 gold pieces.

Inventory:

Armour
 a - a +0 robe (worn)
 n - a +0 kite shield
Jewellery
 g - an amulet of magic regeneration (around neck)
 r - a +5 ring of evasion (left hand)
 v - a ring of positive energy
Wands
 o - a wand of mindburst (14)
Scrolls
 d - a scroll of immolation {unknown}
 h - a scroll of fear {unknown}
 j - a scroll of blinking {unknown}
 k - 2 scrolls of amnesia {unknown}
 l - a scroll of enchant weapon
 p - 3 scrolls of teleportation {unknown}
 q - a scroll of magic mapping {unknown}
 t - a scroll of silence {unknown}
 u - a scroll of fog {unknown}
Potions
 b - a potion of magic
 c - 2 potions of brilliance
 e - 2 potions of attraction {unknown}
 f - 3 potions of might
 i - a potion of haste {unknown}
 m - 5 potions of curing
 s - 3 potions of flight


   Skills:
 - Level 2.1 Dodging
 - Level 2.0 Stealth
 + Level 4.7 Spellcasting
 + Level 6.3 Conjurations
 + Level 7.5 Air Magic


You had 5 spell levels left.
You knew the following spells:

 Your Spells              Type           Power      Damage    Failure   Level
a - Shock                 Conj/Air       100%       1d9       1%          1
b - Static Discharge      Conj/Air       54%        2-5/arc   1%          2
c - Swiftness             Air            29%        N/A       1%          3
d - Airstrike             Air            14%        2d(3-19)  7%          4

Your spell library contained the following spells:

 Spells                   Type           Power      Damage    Failure   Level
 Kindle Blastsparks       Fire/Tloc/Air  24%        2d12      16%         3
 Sublimation of Blood     Necr           4%         N/A       22%         2
 Irradiate                Conj/Tmut      7%         3d14      73%         5
 Petrify                  Tmut/Erth      4%         N/A       82%         4
 Summon Ice Beast         Ice/Summ       4%         N/A       82%         4
 Fire Storm               Conj/Fire      7%         8d2       100%        9


Dungeon Overview and Level Annotations

Branches:
Dungeon (5/15)              Sewer (visited)
 Temple: D:4-7

Altars:
Okawaru
Ru


Innate Abilities, Weirdness & Mutations

You have a beak for a mouth.
You have claws for feet.
Your magical nature lets you fly swiftly and evasively.


Message History

You start resting.
HP restored.
Items here: ))) [ ÷÷ †.
A hornet comes into view.
The zap hits the hornet!
The hornet is moderately wounded.
The zap misses the hornet.
The zap misses the hornet.
Casting: Shock (safe; 1% risk of failure)
Confirm with . or Enter, or press ? or * to list all spells.
The hornet is struck by an arc of lightning.
The hornet is moderately wounded.
You are struck by an arc of lightning.
The hornet is struck by an arc of lightning.
The hornet is heavily wounded.
You are struck by an arc of lightning.
The lightning grounds out.
The hornet stings you!
You feel yourself slow down. The hornet completely misses you.
Casting: Static Discharge (safe; 1% risk of failure)
Confirm with . or Enter, or press ? or * to list all spells.
The hornet is struck by an arc of lightning.
The hornet is heavily wounded.
You are struck by an arc of lightning.
The hornet is struck by an arc of lightning.
The hornet is severely wounded.
The lightning grounds out.
You feel yourself speed up. The hornet stings you!
* * * LOW HITPOINT WARNING * * *
You feel yourself slow down. The hornet misses you.
Casting: Static Discharge (safe; 1% risk of failure)
Confirm with . or Enter, or press ? or * to list all spells.
The hornet is struck by an arc of lightning.
The hornet is almost dead.
You are struck by an arc of lightning.
* * * LOW HITPOINT WARNING * * *
The hornet is struck by an arc of lightning.
The hornet is almost dead.
You are struck by an arc of lightning.
You die...

... #.# #.#
##.##
#...#####
#)#.....#
#<).###.#
####.##
#.@y#
+..........#
####.?.....#
##......#
###.#### .#
.# .#


You could see a hornet.

Vanquished Creatures
  An ogre (D:4)
  A kobold brigand (Sewer)
  A necrophage (D:4)
  2 scorpions (D:4)
  2 gnoll boudas
  An orc priest (D:4)
  A jelly (D:4)
  Terence (D:2)
  2 iguanas (D:4)
  2 orc wizards (D:4)
  An adder (D:4)
  8 gnolls
  A river rat (Sewer)
  A worm (D:3)
  2 dart slugs
  6 orcs (D:4)
  12 ball pythons
  10 endoplasms
  3 giant cockroaches
  12 goblins
  2 hobgoblins (D:1)
  2 jackals (D:3)
  3 quokkas (D:4)
  6 bats
  A frilled lizard (D:1)
  14 kobolds
  11 rats
109 creatures vanquished.

Notes
Turn   | Place    | Note
-------+----------+-------------------------------------------
     0 | D:1      | cforsyth the Tengu Air Elementalist began the quest for the
                  | Orb.
     0 | D:1      | Reached XP level 1. HP: 10/10 MP: 4/4
   239 | D:1      | Reached XP level 2. HP: 15/15 MP: 1/6
   822 | D:1      | Learned a level 2 spell: Static Discharge
   858 | D:2      | Reached XP level 3. HP: 19/19 MP: 5/7
  1133 | D:2      | Noticed Terence
  1161 | D:2      | Killed Terence
  1322 | D:2      | Reached XP level 4. HP: 24/24 MP: 7/9
  1326 | D:2      | Learned a level 3 spell: Swiftness
  2033 | D:3      | Found a sacrificial altar of Ru.
  2043 | D:3      | Reached skill level 5 in Air Magic
  2054 | D:3      | Found an iron altar of Okawaru.
  2612 | D:3      | Got the Vellum of Red Leadership
  3020 | D:4      | Gained mutation: Your magical nature lets you fly swiftly
                  | and evasively. [Tengu growth]
  3020 | D:4      | Reached XP level 5. HP: 24/28 MP: 5/10
  3190 | D:4      | Found a glowing drain.
  3194 | Sewer    | Entered a sewer
  3254 | Sewer    | Noticed a kobold brigand
  3261 | Sewer    | Killed a kobold brigand
  3262 | Sewer    | Reached skill level 6 in Air Magic
  3262 | Sewer    | Reached XP level 6. HP: 14/32 MP: 6/12
  3267 | Sewer    | Learned a level 4 spell: Airstrike
  3385 | Sewer    | Found a white marble altar of Elyvilon.
  3638 | D:4      | Identified the +2 ring mail "Vishan" {rElec}
  3671 | D:4      | Reached skill level 5 in Conjurations
  3687 | D:4      | Reached XP level 7. HP: 36/36 MP: 7/14
  3788 | D:4      | Reached skill level 7 in Air Magic
  4347 | D:5      | Entered Level 5 of the Dungeon
  4809 | D:5      | Noticed a hornet
  4815 | D:5      | Killed from afar by themself

Illustrated notes

Levels and vault maps discovered:
D:1:      dpeg_arrival_orchard, layout_basic
D:2:      minmay_general_purpose_star, layout_basic, uniq_terence
D:3:      layout_loops_corners, jmf_multi_god_temple, minmay_misc_feat_room,
          kennysheep_pointless_box
D:4:      layout_loops_corners, gup_sewer_entry_spiral
D:5:      minmay_goblin_kobold_castle, layout_loops_corners, st_stairs_10,
          uniq_edmund

Skill      XL: |  1  2  3  4  5  6  7 |
---------------+----------------------+-----
Conjurations   | 2 3 4 5 6 |  6.3
Air Magic      | 5 6 7 |  7.5
Spellcasting   | 3 4 |  4.7
Dodging        | |  2.1
Stealth        | |  2.0

Action                     |  1- 3 |  4- 6 |  7- 9 || total
---------------------------+-------+-------+-------++-------
  Melee: Unarmed           |     1 |     1 |     3 ||     5
         Peck              |       |     1 |       ||     1
   Cast: Shock             |    54 |   118 |    47 ||   219
         Static Discharge  |     5 |     2 |    12 ||    19
    Use: Scroll            |       |     5 |       ||     5
 Armour: Robe              |       |     1 |     4 ||     5
  Dodge: Dodged            |    18 |     6 |    24 ||    48

Table legend: (Time is in decaauts)
 A = Elapsed time spent in this place.
 B = Non-inter-level travel time spent in this place.
 C = Inter-level travel time spent in this place.
 D = Time resting spent in this place.
 E = Time spent auto-exploring this place.
 F = Levels seen in this place.
 G = Mean time per level.
                   A        B        C        D        E       F      G
               +--------+--------+--------+--------+--------+-----+--------+
         Total |   4721 |   4559 |    162 |    336 |   3558 |   6 |  786.8 |
       Dungeon |   4497 |   4335 |    162 |    336 |   3395 |   5 |  899.4 |
         Sewer |    224 |    224 |      0 |      0 |    162 |   1 |  224.0 |
               +--------+--------+--------+--------+--------+-----+--------+

Top non-repeatable levels by time:
     D:4: 1444 daAuts
     D:2: 1156 daAuts
     D:3: 954 daAuts
     D:1: 856 daAuts
   Sewer: 224 daAuts
     D:5: 86 daAuts
